 Dungeon Crawl Stone Soup version 0.24.0-1-gfbc8707 (webtiles) character file.

Game seed: 11805313072213680864, levelgen mode: deterministic

214 Illumine the Skirmisher (level 5, -3/57 HPs)
             Began as an Ogre Monk on Nov 6, 2019.
             Killed from afar by an orc wizard (6 damage)
             ... with a magic dart
             ... on level 3 of the Dungeon.
             The game lasted 00:05:07 (3514 turns).

Illumine the Skirmisher (Ogre Monk)                 Turns: 3514, Time: 00:05:08

Health: -3/57      AC:  3    Str: 14 (16) XL:     5   Next: 91%
Magic:  5/5        EV: 11    Int: 14 (16) God:
Gold:   144        SH:  0    Dex:  8 (11) Spells: 4/4 levels left

rFire    . . .     SeeInvis .   a - +1 mace
rCold    . . .     Gourm    .   (no shield)
rNeg     . . .     Faith    .   b - +0 robe
rPois    .         Spirit   .   (helmet restricted)
rElec    .         Reflect  .   (no cloak)
rCorr    .         Harm     .   (gloves unavailable)
MR       .....                  (boots unavailable)
Stlth    +.........             (no amulet)
HPRegen  0.19/turn              (no ring)
MPRegen  0.09/turn              (no ring)

@: brilliant, very slightly contaminated, invisible
A: large, unfitting armour, tough skin 1
a: no special abilities


You were on level 3 of the Dungeon.
You were hungry.

You visited 1 branch of the dungeon, and saw 3 of its levels.

You collected 144 gold pieces.

Inventory:

Hand Weapons
 a - a +1 mace (weapon)
Missiles
 g - 2 throwing nets (quivered)
Armour
 b - a +0 robe (worn)
Wands
 d - a wand of polymorph (1)
Scrolls
 e - 4 scrolls of blinking {unknown}
 i - a scroll of remove curse
 k - a scroll of random uselessness {unknown}
Potions
 f - a potion of invisibility
 j - a potion of brilliance
Comestibles
 c - 5 rations
 m - a chunk of flesh


   Skills:
 + Level 5.4 Fighting
 + Level 4.4 Maces & Flails
 + Level 3.8 Dodging
 - Level 1.4 Stealth
 + Level 0.1 Unarmed Combat


You had 4 spell levels left.
You didn't know any spells.
Your spell library was empty.

Dungeon Overview and Level Annotations

Branches:
Dungeon (3/15)

Altars:


Innate Abilities, Weirdness & Mutations

You are too large for most types of armour.
You have tough skin. (AC +1)


Message History

Something hits you but does no damage.
Deactivating autopickup; reactivate with Ctrl-A.
It was a potion of curing.
You feel better.
You hear some strange, mumbled words.
A magic dart appears from out of thin air!
The magic dart hits you.
* * * LOW HITPOINT WARNING * * *
Something hits you.
* * * LOW HITPOINT WARNING * * *
You fade into invisibility!
Something hits you.
* * * LOW HITPOINT WARNING * * *
You are very lightly contaminated with residual magic.
You hear some strange, mumbled words.
A puff of flame appears from out of thin air!
Okay, then.
A puff of frost appears from out of thin air!
A magic dart appears from out of thin air!
The magic dart hits you.
You die...

.....# ####.# #...
#.# ..# #.# ..#
####.# ...
.....###### #.#
..........# #.#
##...####.# #.#
##.#.# #@# ##.#†# #.#
.# ##.#.# #.##.#
##.#.# #{.#.# .....#
##.#.# )###.#
#.######.?..# .###.#
#..).)......#
.....#######.###....#
..#..........# ##.#.#


There were no monsters in sight!

Vanquished Creatures
  Ijyb (D:3)
  Jessica (D:2)
  3 gnolls
  3 adders
  3 worms
  2 dart slugs
  4 leopard geckos
  6 orcs (D:3)
  3 bats
  5 giant cockroaches
  6 goblins
  8 hobgoblins
  9 jackals (D:1)
  4 frilled lizards
  6 kobolds
  7 rats
71 creatures vanquished.

Vanquished Creatures (others)
  An orc wizard (D:3)
1 creature vanquished.

Grand Total: 72 creatures vanquished

Notes
Turn   | Place    | Note
-------+----------+-------------------------------------------
     0 | D:1      | Illumine the Ogre Monk began the quest for the Orb.
     0 | D:1      | Reached XP level 1. HP: 24/24 MP: 1/1
    46 | D:1      | Reached XP level 2. HP: 20/32 MP: 2/2
   694 | D:1      | Reached XP level 3. HP: 37/40 MP: 3/3
  1524 | D:1      | Reached XP level 4. HP: 6/49 MP: 4/4
  2259 | D:2      | Reached skill level 5 in Fighting
  2798 | D:2      | Reached XP level 5. HP: 55/57 MP: 5/5
  2930 | D:2      | Noticed Jessica
  2938 | D:2      | Killed Jessica
  3028 | D:3      | Noticed Ijyb
  3048 | D:3      | Killed Ijyb
  3507 | D:3      | HP: 2/57 [something (4)]
  3514 | D:3      | Killed from afar by an orc wizard

Levels and vault maps discovered:
D:1:      wander_arrival_lonely_grave, layout_basic
D:2:      layout_rooms, uniq_jessica
D:3:      layout_loops_ring, first_ration, uniq_ijyb, uniq_sigmund

Skill      XL: |  1  2  3  4  5 |
---------------+----------------+-----
Maces & Flails | 3 4 |  4.4
Dodging        | 3 |  3.8
Fighting       | 5 |  5.4
Stealth        | |  1.4
Unarmed Combat | |  0.1

Action                   |  1- 3 |  4- 6 || total
-------------------------+-------+-------++-------
Melee: Mace              |   111 |   153 ||   264
       Unarmed           |       |     8 ||     8
  Use: Potion            |     2 |     4 ||     6
       Scroll            |       |     2 ||     2
 Stab: Sleeping          |       |     1 ||     1
  Eat: Chunk             |     2 |     6 ||     8
Armor: Robe              |    39 |    19 ||    58
Dodge: Dodged            |    67 |    86 ||   153
